 Dungeon Crawl Stone Soup version 0.28.0-47-ge53b351184 (webtiles) character file.

Game seed: 2271232559000400093

23528 pkoi the Grappler (level 12, -1/97 HPs)
             Began as a Demigod Gladiator on May 11, 2022.
             Killed from afar by an oklob plant (21 damage)
             ... with a splash of acid
             ... on level 2 of the Lair of Beasts.
             The game lasted 00:43:04 (20974 turns).

pkoi the Grappler (Demigod Gladiator)              Turns: 20974, Time: 00:43:05

Health: -1/97      AC:  4    Str: 28    XL:     12   Next: 39%
Magic:  0/25       EV: 16    Int: 22    God:
Gold:   482        SH:  0    Dex: 10    Spells: 17/23 levels left

rFire   . . .      SeeInvis .   b - +6 arbalest "Damnation" {damnation}
rCold   . . .      Faith    .   (shield currently unavailable)
rNeg    . . .      Spirit   +   x - +0 troll leather armour
rPois   .          Reflect  .   j - +1 helmet
rElec   +          Harm     .   a - +0 cloak
rCorr   .          Rampage  .   w - +1 pair of gloves
Will    +....                   G - +1 pair of boots of the Echidna {rElec Str+9 Dex-5 Stlth-}
Stlth   ..........              v - amulet of guardian spirit
HPRegen 1.06/turn               g - +4 ring of protection
MPRegen 0.19/turn               h - +4 ring of evasion

@: corroded
A: high MP 1, forlorn, divine attributes
a: no special abilities


You were on level 2 of the Lair of Beasts.
You visited 3 branches of the dungeon, and saw 15 of its levels.

You collected 1602 gold pieces.
You spent 1120 gold pieces at shops.

Inventory:

Hand Weapons
 b - the +6 arbalest "Damnation" (weapon) {damnation}
   (You bought it in a shop on level 3 of the Dungeon)

   Any ammunition fired from it explodes in a burst of damnation on striking a
   foe, dealing damage which bypasses armour.
 m - a +2 dagger of speed
 q - a +2 dagger of holy wrath
Missiles
 c - 3 throwing nets
 l - 35 poisoned darts
 o - 191 bolts (quivered ammo)
 z - 3 boomerangs of dispersal
 H - 2 curare-tipped darts
Armour
 a - a +0 cloak (worn)
 j - a +1 helmet (worn)
 r - a +3 scale mail of fire resistance
 w - a +1 pair of gloves (worn)
 x - a +0 troll leather armour (worn)
 G - the +1 pair of boots of the Echidna (worn) {rElec Str+9 Dex-5 Stlth-}
   (You found it on level 10 of the Dungeon)

   Str:       It affects your strength (+9).
   Dex:       It affects your dexterity (-5).
   rElec:     It insulates you from electricity.
   Stlth:     It makes you less stealthy.
Jewellery
 g - a +4 ring of protection (left hand)
 h - a +4 ring of evasion (right hand)
 n - the ring of Reax {Fire Contam +Blink rN+++ SInv}
   (You took it off an orc on level 5 of the Dungeon)

   [ring of fire]

   It enhances your fire magic.
   rF:        It protects you from fire.
   rC:        It makes you vulnerable to cold.
   rN:        It renders you almost immune to negative energy.
   SInv:      It lets you see invisible.
   +Blink:    It lets you blink.
   Contam:    It causes magical contamination when unequipped.
 p - a ring of poison resistance
 v - an amulet of guardian spirit (around neck)
 B - a ring of protection from cold
Wands
 C - a wand of acid (1)
 L - a wand of flame (10)
Scrolls
 d - a scroll of teleportation
 i - 3 scrolls of magic mapping
 k - 5 scrolls of identify
 y - a scroll of brand weapon
 A - a scroll of holy word
 D - a scroll of enchant weapon
 E - 2 scrolls of fear
 F - a scroll of amnesia
 M - a scroll of enchant armour
Potions
 e - 2 potions of brilliance
 f - 7 potions of curing
 s - 3 potions of heal wounds
 t - 2 potions of cancellation
 J - 2 potions of might
 K - a potion of haste {unknown}


   Skills:
 + Level 6.5 Fighting
 + Level 7.3 Crossbows
 - Level 1.7 Throwing
 + Level 4.7 Armour
 + Level 4.0 Dodging
 * Level 12.3 Unarmed Combat
 - Level 6.0 Spellcasting
 - Level 4.0 Air Magic
 - Level 6.0 Poison Magic
 - Level 5.0 Evocations


You had 17 spell levels left.
You knew the following spells:

 Your Spells              Type           Power      Damage    Failure   Level
a - Poisonous Vapours     Pois/Air       56%        N/A       1%          2
b - Olgreb's Toxic Radia  Pois           33%        N/A       9%          4

Your spell library contained the following spells:

 Spells                   Type           Power      Damage    Failure   Level
 Sting                    Tmut/Pois      76%        1d6       3%          1
 Corpse Rot               Necr/Air       30%        N/A       7%          2
 Mephitic Cloud           Conj/Pois/Air  21%        N/A       8%          3
 Animate Skeleton         Necr           12%        N/A       10%         1
 Magic Dart               Conj           24%        1d4       10%         1
 Pain                     Necr           24%        1d5       10%         1
 Call Imp                 Summ           6%         N/A       16%         2
 Sublimation of Blood     Necr           6%         N/A       16%         2
 Wereblood                Tmut           6%         N/A       16%         2
 Call Canine Familiar     Summ           6%         N/A       30%         3
 Inner Flame              Hex/Fire       6%         N/A       30%         3
 Portal Projectile        Hex/Tloc       12%        N/A       30%         3
 Vampiric Draining        Necr           6%         2d6       30%         3
 Cause Fear               Hex            3%         N/A       69%         4
 Leda's Liquefaction      Hex/Erth       3%         N/A       69%         4
 Petrify                  Tmut/Erth      6%         N/A       69%         4
 Metabolic Englaciation   Hex/Ice        3%         N/A       95%         5
 Statue Form              Tmut/Erth      4%         N/A       100%        6
 Ozocubu's Refrigeration  Ice            3%         4d5       100%        7
 Summon Hydra             Summ           3%         N/A       100%        7
 Discord                  Hex            3%         N/A       100%        8
 Ignition                 Fire           3%         3d4       100%        8


Dungeon Overview and Level Annotations

Branches:
Dungeon (12/15)            Temple (0/1) D:4            Lair (2/6) D:11
    Orc (1/2) D:11
  Swamp: Lair:2-4    Shoals: Lair:2-4     Snake: Lair:2-4    Spider: Lair:2-4

Shops:
D:3 (

Annotations:
D:8 vault
Lair:2 exclusion: 4 oklob plants


Innate Abilities, Weirdness & Mutations

You have an increased reservoir of magic. (+10% MP)
You shall have no god before yourself.
Your divine heritage dramatically boosts your attributes as you level up.


Message History

2 oklob plants come into view.
Marking area around 2 oklob plants as unsafe for travelling. 2 oklob plants come into view.
The oklob plant spits acid at you. The splash of acid hits you!!
The acid corrodes you!
Marking area around 2 oklob plants as unsafe for travelling.
There is an open door here.
Unknown command.
b - the +6 arbalest "Damnation" (weapon)
{damnation} The oklob plant spits acid at you.
The splash of acid misses you.
Unknown command.
Fire: 192 bolts
Press: ? - help, Q - select action, (/) - cycle Shift-Dir - straight line, f - plant
Aim: a plant (98% to hit)
You shoot a damnation bolt. The damnation bolt hits the plant!!
The plant begins to die.
The plant is lightly damaged.
The damnation bolt explodes!
The damnation engulfs the plant!!
The plant is moderately damaged.
The damnation engulfs the oklob plant!!
The oklob plant is heavily damaged.
The damnation engulfs the oklob plant!
The oklob plant is moderately damaged.
The oklob plant spits acid at you. The splash of acid hits you!!
* * * LOW HITPOINT WARNING * * *
The acid corrodes you! The oklob plant spits acid at you.
The splash of acid hits you!!
* * * LOW HITPOINT WARNING * * *
The acid corrodes you! The oklob plant spits acid at you.
The splash of acid hits you!!
* * * LOW HITPOINT WARNING * * *
The acid corrodes you! The oklob plant spits acid at you.
The splash of acid hits you!!
You die...

....†............................
.................P#####P###P.....
..####P#P##.#..#.## ### ##....#
..# #########..######## ###....#
... ### ##.P#......###......#
..######.####P...................
.................................
.............##..##.#.#..........
.#####.#..######@#######.........
..........#P≈≈.....≈≈P#P.........
..........#P≈.......≈P#..........
.........##P≈.......≈P#..........
..P...#####P≈.......≈P#..PPPPPPPP
......###.#P≈.......≈P#...P.P....
..........#P≈≈.....≈≈P#...P.P.PPP
..........#####...#####.....P...P
....####..# #...P.PPP.P


You could see 4 oklob plants.

Vanquished Creatures
  Harold (D:8)
  A centaur warrior (D:8)
  5 hydras
  Urug (D:11)
  Nergalle (Lair:1)
  A cyclops (D:8)
  Maurice (D:8)
  6 elephants
  A black mamba (Lair:1)
  A cane toad (Lair:1)
  A gargoyle (D:7)
  Maggie (D:6)
  Psyche (D:11)
  A rime drake (Lair:2)
  An efreet (D:11)
  2 komodo dragons
  2 trolls
  5 blink frogs (Lair:2)
  A meliai zombie (D:11)
  16 yaks
  A shadow (D:10)
  A wyvern (D:4)
  A vampire (D:10)
  5 humans (D:9)
  4 steam dragons
  A basilisk (Lair:1)
  Menkaure (D:5)
  An acid dragon (D:11)
  7 water moccasins
  2 sky beasts
  9 orc warriors
  A black bear (D:6)
  A hornet zombie (D:7)
  5 ogres
  3 necrophages
  4 wolves
  7 centaurs
  2 phantoms
  2 kobold brigands (D:11)
  8 bullfrogs
  3 gnoll sergeants
  A wyvern zombie (D:6)
  A scorpion (D:7)
  A water moccasin skeleton (D:7)
  15 killer bees
  A wight (D:8)
  A howler monkey (D:8)
  5 centaur zombies
  A bullfrog skeleton (D:5)
  A centaur skeleton (D:5)
  6 orc priests
  Crazy Yiuf (D:7)
  3 gnoll shamans
  5 hounds
  A jelly (D:6)
  An iguana (D:6)
  13 orc wizards
  2 killer bee zombies
  2 hound zombies (D:5)
  A howler monkey zombie (D:7)
  18 gnolls
  3 adders
  A shadow imp (D:6)
  3 white imps
  2 ufetubi (D:6)
  An adder skeleton (D:4)
  A worm (D:2)
  2 dart slugs (D:3)
  40 orcs
  4 endoplasms
  3 giant cockroaches
  11 goblins
  12 hobgoblins
  18 kobolds
  4 quokkas
  3 ball pythons
  5 bats
  A frilled lizard (D:3)
  3 rats
316 creatures vanquished.

Vanquished Creatures (collateral kills)
  A steam dragon (D:8)
  3 killer bees (D:8)
  2 orcs (D:8)
6 creatures vanquished.

Vanquished Creatures (others)
  A steam dragon (D:8)
  An orc priest (D:11)
  2 orc wizards
  A bush (Lair:2)
  6 fungi
  59 plants
70 creatures vanquished.

Grand Total: 392 creatures vanquished

Notes
Turn   | Place    | Note
-------+----------+-------------------------------------------
     0 | D:1      | pkoi the Demigod Gladiator began the quest for the Orb.
     0 | D:1      | Reached XP level 1. HP: 17/17 MP: 3/3
    98 | D:1      | Reached skill level 3 in Unarmed Combat
   562 | D:1      | Reached XP level 2. HP: 17/24 MP: 4/4
   845 | D:1      | You fall into a shaft and drop 1 floor!
  1423 | D:2      | Reached XP level 3. HP: 29/29 MP: 5/5
  1768 | D:3      | Reached skill level 4 in Unarmed Combat
  2405 | D:3      | Reached XP level 4. HP: 31/36 MP: 6/6
  2509 | D:3      | Found Osiysoloic's Weapon Boutique.
  3338 | D:4      | Reached skill level 5 in Unarmed Combat
  3642 | D:4      | Reached XP level 5. HP: 41/41 MP: 7/7
  3670 | D:4      | Reached skill level 1 in Crossbows
  3670 | D:4      | Reached skill level 1 in Armour
  3877 | D:4      | Found a staircase to the Ecumenical Temple.
  3912 | D:4      | Noticed a wyvern
  3930 | D:4      | Killed a wyvern
  3931 | D:4      | Reached skill level 6 in Unarmed Combat
  3931 | D:4      | Reached XP level 6. HP: 39/48 MP: 8/8
  4116 | D:5      | Entered Level 5 of the Dungeon
  4153 | D:5      | Learned a level 2 spell: Poisonous Vapours
  4372 | D:5      | Noticed Menkaure
  4587 | D:5      | Reached skill level 1 in Air Magic
  4888 | D:5      | Identified the ring of Reax {Fire Contam +Blink rN+++ SInv}
  5275 | D:6      | Reached skill level 1 in Poison Magic
  5275 | D:6      | Reached XP level 7. HP: 46/55 MP: 8/11
  5327 | D:6      | Noticed Maggie
  5368 | D:6      | Killed Maggie
  5369 | D:6      | Reached skill level 1 in Spellcasting
  5821 | D:6      | Reached skill level 7 in Unarmed Combat
  5900 | D:6      | Reached XP level 8. HP: 61/61 MP: 14/14
  6138 | D:6      | Noticed a troll
  6166 | D:6      | Killed a troll
  7545 | D:7      | Learned a level 4 spell: Olgreb's Toxic Radiance
  7601 | D:7      | Reached skill level 8 in Unarmed Combat
  7610 | D:7      | Reached XP level 9. HP: 56/67 MP: 9/16
  7950 | D:7      | Reached skill level 1 in Evocations
  8274 | D:7      | Noticed a gargoyle
  8291 | D:7      | Killed a gargoyle
  9155 | D:7      | Found a runed translucent door.
  9158 | D:7      | Noticed Crazy Yiuf
  9222 | D:7      | Killed Crazy Yiuf
  9433 | D:8      | Noticed Harold
  9568 | D:8      | Noticed a centaur warrior
  9923 | D:8      | Noticed Maurice
  9979 | D:8      | Killed Maurice
 10463 | D:8      | Noticed a cyclops
 10481 | D:8      | Killed a cyclops
 10482 | D:8      | Reached skill level 9 in Unarmed Combat
 10581 | D:8      | HP: 1/71 [centaur warrior/+0 club (7)]
 10586 | D:8      | Killed a centaur warrior
 10587 | D:8      | Reached XP level 10. HP: 8/78 MP: 0/18
 11051 | D:8      | Killed Harold
 11141 | D:8      | Reached skill level 5 in Poison Magic
 11442 | D:8      | Noticed a centaur warrior
 11442 | D:8      | Noticed a centaur warrior
 11777 | D:9      | Reached skill level 5 in Crossbows
 12074 | D:9      | Reached skill level 10 in Unarmed Combat
 12752 | D:9      | Reached skill level 5 in Fighting
 13326 | D:10     | Entered Level 10 of the Dungeon
 13744 | D:10     | Identified the +1 pair of boots of the Echidna {rElec Str+9
                  | Dex-5 Stlth-}
 13862 | D:10     | Reached XP level 11. HP: 83/88 MP: 5/21
 14989 | D:11     | Found a staircase to the Lair.
 15019 | D:11     | Noticed Psyche
 15037 | D:11     | Killed Psyche
 15212 | D:11     | Found a staircase to the Orcish Mines.
 15486 | D:11     | Noticed Urug
 16113 | D:11     | Killed Urug
 16710 | D:12     | Noticed a centaur warrior
 16736 | Lair:1   | Entered Level 1 of the Lair of Beasts
 16766 | Lair:1   | Reached skill level 5 in Spellcasting
 16776 | Lair:1   | Reached skill level 11 in Unarmed Combat
 16976 | Lair:1   | Noticed Nergalle
 17005 | Lair:1   | Killed Nergalle
 17233 | Lair:1   | Noticed an eight-headed hydra
 17240 | Lair:1   | Killed an eight-headed hydra
 18018 | Lair:1   | Noticed a seven-headed hydra
 18026 | Lair:1   | Killed a seven-headed hydra
 18155 | Lair:2   | Reached skill level 5 in Evocations
 18403 | Lair:2   | Noticed an eight-headed hydra
 18719 | Lair:2   | Noticed a four-headed hydra
 18731 | Lair:2   | Killed a four-headed hydra
 18732 | Lair:2   | Reached XP level 12. HP: 96/96 MP: 24/24
 18901 | Lair:1   | Reached skill level 12 in Unarmed Combat
 19065 | Orc:1    | Entered Level 1 of the Orcish Mines
 19748 | D:5      | Killed Menkaure
 19799 | D:3      | Bought the +6 arbalest "Damnation" {damnation} for 1120
                  | gold pieces
 19799 | D:3      | Found the +6 arbalest "Damnation" {damnation}
 20164 | D:8      | Identified the +1 robe of Unambiguity {*Slow rF++ Regen+
                  | Slay+3}
 20164 | D:8      | Noticed a centaur warrior
 20693 | Lair:2   | Noticed a five-headed hydra
 20698 | Lair:2   | Noticed a seven-headed hydra
 20702 | Lair:2   | Killed a five-headed hydra
 20705 | Lair:2   | Killed a seven-headed hydra
 20974 | Lair:2   | Killed from afar by an oklob plant

Illustrated notes

Levels and vault maps discovered:
D:1:      dpeg_arrival_arbitrary_c, layout_basic,
          hellmonk_ecumenical_altar_lost_god, minmay_unequal
D:2:      kennysheep_the_goblin_king, layout_basic
D:3:      layout_loops_corners, lemuel_round_altar, serial_shops,
          nicolae_shop_statue_plus
D:4:      layout_basic, nicolae_gozag_seed_capital,
          minmay_temple_entry_antechambers
D:5:      layout_rooms, uniq_menkaure
D:6:      layout_loops_cross, gammafunk_temple_overflow_wave, uniq_maggie
D:7:      kennysheep_housing_project, layout_loops_corners,
          uniq_crazy_yiuf_cottage
D:8:      minmay_the_grid_square_5x5_3x3 [minmay_the_grid_square_5x5_bracketed,
          minmay_the_grid_square_5x5_mess,
          minmay_the_grid_square_5x5_misaligned,
          minmay_the_grid_square_5x5_comb,
          minmay_the_grid_square_5x5_megaprize_crossed,
          minmay_the_grid_square_5x5_three_small,
          minmay_the_grid_square_5x5_spiral_small,
          minmay_the_grid_square_5x5_meh,
          minmay_the_grid_square_5x5_inverted_slash], layout_basic, uniq_harold,
          uniq_maurice
D:9:      layout_loops_cross, kennysheep_mini, kennysheep_cross_room,
          minmay_misc_feat_tiny, minmay_ruffians
D:10:     layout_loops_cross, nemelex_spade_bored_becter
D:11:     layout_layer_cave, lair_entry_dummy,
          kennysheep_orc_monster_closet_entryway, minmay_radiant, uniq_urug,
          uniq_psyche
D:12:     layout_gridville, uniq_frances, uniq_fannar, uniq_rupert
Lair:1:   layout_misc_corridors, uniq_nergalle
Lair:2:   dpeg_oklob_gauntlet, layout_long_grid, minmay_hedge_maze,
          serial_bayou_shore_b
Orc:1:    layout_caves

Skill      XL: |  1  2  3  4  5  6  7  8  9 10 11 12 |
---------------+-------------------------------------+-----
Unarmed Combat | 3 4 5 6 7 8 9 10 11 12 | 12.3
Fighting       | 2 4 5 6 |  6.5
Crossbows      | 1 2 4 5 6 7 |  7.3
Armour         | 2 3 4 |  4.7
Dodging        | 3 4 |  4.0
Air Magic      | 1 2 3 4 |  4.0
Poison Magic   | 1 2 3 4 5 6 |  6.0
Spellcasting   | 2 3 4 5 6 |  6.0
Evocations     | 3 5 |  5.0
Throwing       | |  1.7

Action                   |  1- 3 |  4- 6 |  7- 9 | 10-12 || total
-------------------------+-------+-------+-------+-------++-------
Melee: Unarmed           |   164 |   189 |   509 |   457 ||  1319
       Punch             |     6 |     5 |    45 |    32 ||    88
       Dagger            |       |       |       |    23 ||    23
 Fire: Arbalest          |       |       |       |    12 ||    12
Throw: Throwing net      |       |     1 |     1 |       ||     2
       Dart              |       |       |    28 |       ||    28
 Cast: Poisonous Vapours |       |       |    65 |    99 ||   164
       Olgreb's Toxic Ra |       |       |       |    30 ||    30
Evoke: Wand              |       |       |     8 |    23 ||    31
  Use: Scroll            |     4 |     6 |     4 |     9 ||    23
       Potion            |     1 |       |     4 |       ||     5
 Stab: Sleeping          |     2 |       |       |       ||     2
       Held in net/web   |       |       |     1 |       ||     1
Armor: Leather armour    |    33 |       |       |       ||    33
       Ring mail         |    12 |     1 |       |       ||    13
       Scale mail        |       |    75 |    56 |       ||   131
       Troll leather arm |       |       |   147 |   250 ||   397
Dodge: Dodged            |   117 |    96 |   372 |   425 ||  1010
